 Dungeon Crawl Stone Soup version 0.31.0-11-ge490571c62 (webtiles) character file.

Game seed: 1922916880556945263

41 qw the Shooter (level 3, 0/20 HPs)
             Began as a Deep Elf Hunter on Feb 4, 2024.
             Slain by a goblin
             ... wielding a +0 dagger
             ... led by Robin
              (1 damage)
             ... on level 2 of the Dungeon.
             The game lasted 00:00:30 (1033 turns).

qw the Shooter (Deep Elf Hunter)                    Turns: 1033, Time: 00:00:31

Health: 0/20       AC:  3    Str: 10    XL:     3   Next: 32%
Magic:  5/5        EV: 12    Int: 13    God:
Gold:   63         SH:  0    Dex: 18    Spells: 2/2 levels left

rFire   . . .        a - +2 shortbow
rCold   . . .        (shield currently unavailable)
rNeg    . . .        c - +0 leather armour
rPois   .            (no helmet)
rElec   .            (no cloak)
rCorr   +            (no gloves)
SInv    .            (no boots)
Will    .....        (no amulet)
Stlth   ++           g - ring of resist corrosion
HPRegen 0.23/turn    (no ring)
MPRegen 0.09/turn

%: no passive effects
@: no status effects
A: no striking features
a: no special abilities


You were on level 2 of the Dungeon.
You visited 1 branch of the dungeon, and saw 2 of its levels.

You collected 63 gold pieces.


   Skills:
 - Level 1.5 Fighting
 + Level 6.9 Ranged Weapons
 - Level 2.4 Dodging
 - Level 1.2 Stealth


You had 2 spell levels left.
You didn't know any spells.
Your spell library was empty.

Inventory:

Hand Weapons
 a - a +2 shortbow (weapon)
Armour
 c - a +0 leather armour (worn)
Jewellery
 g - a ring of resist corrosion (left hand)
Potions
 b - a potion of brilliance {unknown}
 d - a potion of lignification {unknown}
 e - a potion of might {unknown}

Dungeon Overview and Level Annotations

Branches:
Dungeon (2/15)

Altars:

Annotations:
D:2 Robin


Message History

Robin roars a battlecry!
The goblins go into a battle-frenzy!
A goblin comes into view. It is wielding a +0 dagger.
A hobgoblin comes into view.
The goblin shouts!
The hobgoblin shouts!
You shoot an arrow. The arrow hits the goblin!
You kill the goblin!
Robin throws the goblin at you!
You shoot an arrow. The arrow barely misses the goblin.
A bat comes into view.
A goblin comes into view. It is wielding a +0 club.
A goblin comes into view. It is wielding a +0 dagger.
The goblin barely misses you. Robin throws the goblin at you!
You shoot an arrow.
The arrow hits the hobgoblin but does no damage.
The goblin hits you but does no damage. x2; Robin throws the goblin at you!
The hobgoblin barely misses you.
You shoot an arrow. The arrow hits the hobgoblin.
The hobgoblin is severely wounded.
The goblin hits you but does no damage. The goblin barely misses you. x2
The hobgoblin hits you.
You shoot an arrow. The arrow hits the hobgoblin.
You kill the hobgoblin!
The goblin hits you with a +0 club. The goblin closely misses you. x2
You shoot an arrow. The arrow hits the goblin.
You kill the goblin!
The bat closely misses you. The goblin barely misses you. x2
A hobgoblin comes into view.
The goblin hits you with a +0 dagger. The bat closely misses you.
You shoot an arrow. The arrow misses the bat.
The arrow hits Robin.
Robin is moderately wounded.
The bat barely misses you. The goblin hits you with a +0 club.
The goblin hits you but does no damage. The goblin hits you with a +0 dagger.
The goblin hits you but does no damage. x2
The goblin hits you with a +0 dagger.
You shoot an arrow. The arrow barely misses the bat.
The arrow hits Robin.
Robin is heavily wounded.
The bat barely misses you. x2; The goblin misses you.
The bat hits you but does no damage. The goblin hits you with a +0 dagger.
You die...

#. ## #. # ...
#.## .##.# ...
...# #..# #.## .
##.#.#
#.g####%).%
#.##.#
#.g@bg.g...
.####..#.#
#.g####....
.........#####..#
#
......##........#
####.######.###.#
# #%# #.# #.#
####.# #.# #.#
...).# #.# #.#
###### #.# #.#


You could see Robin, a hobgoblin (strong), 3 goblins and a bat.

Vanquished Creatures
  An adder (D:2)
  A dart slug (D:1)
  2 ball pythons (D:1)
  An endoplasm (D:1)
  10 goblins
  5 hobgoblins
  A bat (D:1)
  A frilled lizard (D:2)
  A kobold (D:2)
  5 rats (D:1)
28 creatures vanquished.

Notes
Turn   | Place    | Note
-------+----------+-------------------------------------------
     0 | D:1      | qw the Deep Elf Hunter began the quest for the Orb.
     0 | D:1      | Reached XP level 1. HP: 12/12 MP: 3/3
     0 | D:1      | 0 ||| qw: Version: 0.3-a-160-g6735b56
     0 | D:1      | 0 ||| qw: Game counter: 5959
     0 | D:1      | 0 ||| qw: Melee chars always use a shield: true
     0 | D:1      | 0 ||| qw: God list: Okawaru
     0 | D:1      | 0 ||| qw: Allow faded altars: false
     0 | D:1      | 0 ||| qw: Do Orc after clearing Dungeon:15 true
     0 | D:1      | 0 ||| qw: Do second Lair branch before Depths: true
     0 | D:1      | 0 ||| qw: Lair rune preference: random
     0 | D:1      | 0 ||| qw: Goals: Normal
     0 | D:1      | 0 ||| PLANNING D:1-11
   340 | D:1      | Reached XP level 2. HP: 16/16 MP: 4/4
   345 | D:1      | Reached skill level 6 in Ranged Weapons
   627 | D:1      | Noticed a golden eye
   629 | D:1      | Found a faded altar of an unknown god.
   634 | D:1      | Noticed a golden eye
   640 | D:1      | Noticed a shining eye
   654 | D:1      | Noticed a golden eye
   750 | D:1      | 750 ||| UPGRADING to ring of resist corrosion.
   751 | D:1      | 751 ||| READING 2 scrolls labelled CEMOECZI ZODDO.
   751 | D:1      | 751 ||| ENCHANTING +0 shortbow.
   752 | D:1      | 752 ||| READING scroll of enchant weapon.
   752 | D:1      | 752 ||| ENCHANTING +1 shortbow.
   753 | D:1      | 753 ||| READING scroll labelled ESUFRI MEIL.
   854 | D:1      | 854 ||| DROPPING scroll of butterflies.
   930 | D:2      | Reached XP level 3. HP: 9/20 MP: 5/5
  1023 | D:2      | Noticed Robin
  1032 | D:2      | HP: 1/20 [goblin/+0 dagger[Robin] (5)]
  1033 | D:2      | Slain by a goblin

Levels and vault maps discovered:
D:1:      lemuel_arrival_rhombus, layout_basic,
          hellmonk_ecumenical_altar_watching_god
D:2:      layout_loops_ring, uniq_robin

Skill      XL: |  1  2 |
---------------+-------+-----
Ranged Weapons | 6 |  6.9
Fighting       | |  1.5
Dodging        | |  2.4
Stealth        | |  1.2

Action                     || total
---------------------------++-------
   Fire: Shortbow          ||    69
    Use: Scroll            ||     3
 Armour: Leather armour    ||    34
  Dodge: Dodged            ||    34

Table legend:
 A = Non-vault XP
 B = Vault XP
 C = Vault XP percentage of total XP
 D = Non-vault monster count
 E = Vault monster count
 F = Vault count percentage of total count
                 A         B        C        D         E       F
            +---------+---------+-------+---------+---------+-------
      Total |      47 |      12 |  20.3 |      22 |       6 |  21.4
            +---------+---------+-------+---------+---------+-------
        D:1 |      27 |       0 |   0.0 |      16 |       0 |   0.0
        D:2 |      20 |      12 |  37.5 |       6 |       6 |  50.0
            +---------+---------+-------+---------+---------+-------
